 Dungeon Crawl Stone Soup version 0.22-a0-265-g0d8bc90 (webtiles) character file.

34 Amnesiac the Digger (level 3, -3/24 HPs)
             Began as a Formicid Earth Elementalist on Mar 6, 2018.
             Slain by a river rat (10 damage)
             ... on level 3 of the Dungeon.
             The game lasted 00:01:50 (697 turns).

Amnesiac the Digger (Formicid Earth Elementalist)    Turns: 697, Time: 00:01:51

Health: -3/24      AC:  2    Str: 12    XL:     3   Next: 50%
Magic:  0/7        EV: 12    Int: 15    God:
Gold:   18         SH:  0    Dex: 11    Spells: 4/7 levels left

rFire    . . .     SeeInvis +   e - +0 dagger
rCold    . . .     Gourm    .   (no shield)
rNeg     . . .     Faith    .   c - +0 robe
rPois    .         Spirit   .   (helmet unavailable)
rElec    .         Reflect  .   (no cloak)
rCorr    .         Harm     .   (no gloves)
MR       .....                  (no boots)
Stlth    ++........             (no amulet)
HPRegen  0.08/turn              (no ring)
MPRegen  0.10/turn              (no ring)

@: no status effects
A: permanent stasis, dig shafts and tunnels, four strong arms, antennae 3
a: Dig, Shaft Self


You were on level 3 of the Dungeon.
You were not hungry.

You visited 1 branch of the dungeon, and saw 3 of its levels.

You collected 18 gold pieces.

Inventory:

Hand Weapons
 e - a +0 dagger (weapon)
Missiles
 b - 30 stones (quivered)
Armour
 c - a +0 robe (worn)
Scrolls
 f - a scroll of immolation {!r, unknown}
 g - a scroll of noise {!r, unknown}
Potions
 a - a potion of might {!q, unknown}
 i - a potion of cancellation {!q, unknown}
Comestibles
 d - a ration
 h - 10 chunks of flesh


   Skills:
 - Level 1.7 Dodging
 - Level 2.4 Stealth
 + Level 2.8 Spellcasting
 - Level 1.1 Transmutations
 * Level 4.7 Earth Magic


You had 4 spell levels left.
You knew the following spells:

 Your Spells              Type           Power        Failure   Level  Hunger
a - Sandblast             Erth           ###...       2%          1    #......
b - Passwall              Tmut/Erth      ##........   10%         2    ##.....


Dungeon Overview and Level Annotations

Branches:
Dungeon (3/15)

Altars:


Innate Abilities, Weirdness & Mutations

You cannot be hasted, slowed, berserked, paralysed or teleported.
You can dig through walls and to a lower floor.
Your four strong arms can wield two-handed weapons with a shield.
You have a pair of large antennae on your head. (SInv)


Message History

Press: ? - help, v - describe, . - travel
Here: a river rat (heavily wounded)
The floor.
Some of the chunks of flesh in your inventory have rotted away.
Casting: Sandblast (safe; 2% risk of failure)
Confirm with . or Enter, or press ? or * to list all spells.
Aiming: Sandblast (safe; 2% risk of failure)
Press: ? - help, Shift-Dir - straight line, f/p - river rat
Aim: a river rat (heavily wounded)
The blast of sand hits the river rat.
The river rat is severely wounded.
b - 34 stones The river rat bites you.
Unknown command.
You hit the river rat but do no damage.
The river rat is severely wounded.
The river rat barely misses you.
Casting: Sandblast (safe; 2% risk of failure)
Confirm with . or Enter, or press ? or * to list all spells.
Aiming: Sandblast (safe; 2% risk of failure)
Press: ? - help, Shift-Dir - straight line, f/p - river rat
Aim: a river rat (heavily wounded)
The blast of sand hits the river rat.
The river rat is heavily wounded.
b - 33 stones The river rat bites you.
* * * LOW HITPOINT WARNING * * *
You hear the brisk rusting of a drain nearby.
The river rat bites you.
* * * LOW HITPOINT WARNING * * *
Casting: Sandblast (safe; 2% risk of failure)
Confirm with . or Enter, or press ? or * to list all spells.
Aiming: Sandblast (safe; 2% risk of failure)
Press: ? - help, Shift-Dir - straight line, f/p - river rat
Aim: a river rat (heavily wounded)
The blast of sand misses the river rat.
b - 32 stones The river rat barely misses you.
Unknown command.
Some of the chunks of flesh in your inventory have rotted away.
Casting: Sandblast (safe; 2% risk of failure)
Confirm with . or Enter, or press ? or * to list all spells.
Aiming: Sandblast (safe; 2% risk of failure)
Press: ? - help, Shift-Dir - straight line, f/p - river rat
Aim: a river rat (moderately wounded)
The blast of sand hits the river rat.
The river rat is almost dead.
b - 31 stones The giant cockroach waves its antennae.
Unknown command.
The river rat bites you.
* * * LOW HITPOINT WARNING * * *
A bat comes into view.
Casting: Sandblast (safe; 2% risk of failure)
Confirm with . or Enter, or press ? or * to list all spells.
Aiming: Sandblast (safe; 2% risk of failure)
Press: ? - help, Shift-Dir - straight line, f/p - river rat
Aim: a river rat (almost dead)
The blast of sand hits the river rat.
The river rat is almost dead.
b - 30 stones Unknown command.
You closely miss the bat. The bat closely misses you. The river rat bites you!
You die...

#.# ##.####### #†#
#.#..s...# # #†#
#####.#####.# ####.#
#...........#
.....#########.#.#########.#
.......s.......#.# #.#
.)...#####.#####s# #.#
###### #.# #r# #.# #.# #@#
..# #.# ##.## # #.#
#.####..b###.# .#
#s#..........#
#.#.##...##...#
#.#.###........... #...#
#####...#### ##..# #.## ...#
.#


You could see a river rat, a giant cockroach and a bat.

Vanquished Creatures
  A river rat (D:3)
  A dart slug (D:1)
  2 orcs (D:3)
  3 ball pythons
  2 giant cockroaches
  3 goblins
  A hobgoblin (D:1)
  A kobold (D:1)
  4 bats
  A frilled lizard (D:2)
  2 rats
21 creatures vanquished.

Notes
Turn   | Place    | Note
-------+----------+-------------------------------------------
     0 | D:1      | Amnesiac the Formicid Earth Elementalist began the quest for the Orb.
     0 | D:1      | Reached XP level 1. HP: 13/13 MP: 3/3
   176 | D:1      | Reached skill level 4 in Earth Magic
   199 | D:1      | Reached XP level 2. HP: 17/19 MP: 3/5
   224 | D:1      | Learned a level 2 spell: Passwall
   596 | D:3      | Reached XP level 3. HP: 24/24 MP: 3/6
   697 | D:3      | Slain by a river rat

Vault maps used:
D:1:      noname_arrival_rooms_in_the_neighbourhood
D:2:      grunt_qazlal_sundering
D:3:      portal_sewer_entry_b

Skill      XL: |  1 |
---------------+----+-----
Earth Magic    | 4 |  4.7
Dodging        | |  1.7
Stealth        | |  2.4
Spellcasting   | |  2.8
Transmutations | |  1.1

Action                   || total
-------------------------++-------
Melee: Dagger            ||    29
 Cast: Sandblast         ||    23
       Passwall          ||     2
 Stab: Sleeping          ||     7
Armor: Robe              ||     7
Dodge: Dodged            ||    20

Table legend:
 A = Spawn XP
 B = Non-spawn XP
 C = Spawn XP percentage of total XP
 D = Spawn monster count
 E = Non-spawn monster count
 F = Spawn count percentage of total count
 G = Total turns spent on level
                    A         B        C        D         E        F      G
               +---------+---------+-------+---------+---------+-------+---------
         Total |       0 |      49 |   0.0 |       0 |      21 |   0.0 |   697
               +---------+---------+-------+---------+---------+-------+---------
           D:1 |       0 |      17 |   0.0 |       0 |       9 |   0.0 |   279
           D:2 |       0 |       1 |   0.0 |       0 |       1 |   0.0 |   134
           D:3 |       0 |      31 |   0.0 |       0 |      11 |   0.0 |   284
               +---------+---------+-------+---------+---------+-------+---------
